 Dungeon Crawl Stone Soup version 0.18.1-8-gdd0e5ea (webtiles) character file.

182 Gagarin the Sneak (level 5, -5/31 HPs)
             Began as a Kobold Assassin on June 7, 2016.
             Slain by an ogre
             ... wielding a +0 giant club
              (22 damage)
             ... on level 4 of the Dungeon.
             The game lasted 00:12:28 (3134 turns).

Gagarin the Sneak (Kobold Assassin)                 Turns: 3134, Time: 00:12:29

Health: -5/31      AC:  3    Str: 10    XL:     5   Next: 93%
Magic:  5/5        EV: 11    Int:  9    God:
Gold:   74         SH:  0    Dex: 18    Spells: 0 memorised, 4 levels left

rFire  . . .     SeeInvis .     b - +0 blowgun
rCold  . . .     Gourm    .     c - +0 robe
rNeg   . . .     Faith    .     (shield restricted)
rPois  .         Spirit   .     (no helmet)
rElec  .         Dismiss  .     d - +0 cloak
rCorr  .         Reflect  .     (no gloves)
SustAt .         Harm     .     (no boots)
MR     .....                    (no amulet)
Stlth  ++++......               (no ring)
                                (no ring)

@: not resistant to hostile enchantments, stealthy
A: carnivore 3
a: no special abilities


You were on level 4 of the Dungeon.
You were completely stuffed.

You visited 1 branch of the dungeon, and saw 4 of its levels.

You collected 74 gold pieces.

Inventory:

Hand Weapons
 a - a +2 dagger
 b - a +0 blowgun (weapon)
Armour
 c - a +0 robe (worn)
 d - a +0 cloak (worn)
 w - a +0 animal skin
Jewellery
 k - an uncursed ring of fire {unknown}
 y - a cursed -2 ring of evasion {unknown}
Scrolls
 f - 3 scrolls of teleportation {unknown}
 i - 2 scrolls of remove curse {unknown}
 l - 4 scrolls of identify {unknown}
 q - a scroll of enchant armour {unknown}
 r - a scroll of recharging {unknown}
 t - a scroll of noise {unknown}
 v - a scroll of enchant weapon {unknown}
Potions
 h - a potion of lignification
 j - a potion of flight {unknown}
 n - 2 potions of haste
 p - a potion of might {unknown}
 s - 2 potions of cancellation {unknown}
 u - a potion of degeneration {unknown}
 z - 2 potions of curing {unknown}
 B - a potion of invisibility {unknown}
Comestibles
 g - 3 meat rations
 m - 2 chunks of flesh
 o - a beef jerky
 A - a royal jelly


   Skills:
 + Level 2.6 Fighting
 + Level 3.0 Short Blades
 + Level 3.0 Throwing
 + Level 3.0 Dodging
 + Level 7.7 Stealth


You had 4 spell levels left.
You didn't know any spells.

Dungeon Overview and Level Annotations

Branches:
Dungeon (4/15)
 Temple: D:4-7

Altars:
Sif Muna
The Shining One

Annotations:
D:3 Sigmund


Innate Abilities, Weirdness & Mutations

You are small and have problems with some larger weapons.
You are carnivorous and can eat meat at any time.


Message History

e - a poisoned needle The gnoll completely misses you.
Firing (i - inventory):
e - a poisoned needle (quivered)
Press: ? - help, Shift-Dir - straight line, f/p - gnoll
Aim: a gnoll (moderately wounded)
You shoot a poisoned needle. The poisoned needle hits the gnoll.
The gnoll is poisoned.
The gnoll is moderately wounded.
The gnoll barely misses you. The gnoll hits you. The gnoll misses you.
The ogre barely misses you.
The gnoll looks more healthy.
You see here 14 bolts.
There is a stone staircase leading up here.
Things that are here:
a whip; a gnoll corpse The ogre hits you with a giant club!!
Ouch! That really hurt!
You die...

Z....
#.#####.#.#
#.........#
#.......#.#
#.......#.#
#.).....#.#
##.......#.##
........gO..#
#.......#@รท#
##.....g.##.#
#.......(##.#
#...........##.#
#.......)..(....
#...###..)(###.#
#... #..(.# #..
#.(..# #. #....#


You could see an ogre and a gnoll.

Vanquished Creatures
  The ghost of M4edhros the Sneak, a weakling OpAr (D:3)
  Robin (D:3)
  2 gnolls (D:4)
  4 adders (D:3)
  A worm (D:3)
  2 dart slugs (D:1)
  A giant gecko (D:1)
  3 orcs (D:3)
  2 ball pythons (D:3)
  2 giant cockroaches (D:1)
  13 goblins
  10 hobgoblins
  4 jackals
  5 kobolds
  A quokka (D:4)
  7 bats
  4 giant newts
  5 rats
68 creatures vanquished.

Notes
Turn   | Place    | Note
--------------------------------------------------------------
     0 | D:1      | Gagarin the Kobold Assassin began the quest for the Orb.
     0 | D:1      | Reached XP level 1. HP: 12/12 MP: 1/1
    75 | D:1      | Reached XP level 2. HP: 16/17 MP: 2/2
   288 | D:1      | Reached skill level 6 in Stealth
   696 | D:1      | Reached XP level 3. HP: 21/21 MP: 3/3
  1274 | D:2      | Found a glowing golden altar of the Shining One.
  1567 | D:2      | Found a deep blue altar of Sif Muna.
  1898 | D:3      | Reached XP level 4. HP: 26/26 MP: 4/4
  1911 | D:3      | Noticed M4edhros's ghost (weakling OpAr)
  1974 | D:2      | Reached skill level 7 in Stealth
  2073 | D:3      | Noticed Robin
  2103 | D:3      | Killed Robin
  2456 | D:3      | Killed M4edhros's ghost
  2456 | D:3      | Reached XP level 5. HP: 31/31 MP: 5/5
  2998 | D:3      | Noticed Sigmund
  3091 | D:4      | Noticed an ogre
  3134 | D:4      | Slain by an ogre

Skill      XL: |  1  2  3  4  5 |
---------------+----------------+-----
Stealth        | 6 7 |  7.7
Dodging        | 2 3 |  3.0
Short Blades   | 3 |  3.0
Throwing       | 3 |  3.0
Fighting       | |  2.6

Action                   |  1- 3 |  4- 6 || total
-------------------------+-------+-------++-------
Melee: Dagger            |    74 |   101 ||   175
 Fire: Blowgun           |     6 |    27 ||    33
  Use: Potion            |       |     2 ||     2
 Stab: Sleeping          |    14 |     5 ||    19
  Eat: Chunk             |    11 |     4 ||    15
Armor: Robe              |    27 |    10 ||    37
       Skin              |       |    19 ||    19
Dodge: Dodged            |    55 |    66 ||   121
